 Dungeon Crawl Stone Soup version 0.22-a0-247-gbddf880 (webtiles) character file.

277 Amnesiac the Charlatan (level 6, -2/33 HPs)
             Began as a Deep Elf Artificer on Feb 25, 2018.
             Killed themself with a badly aimed iceblast (19 damage)
             ... in a sewer.
             The game lasted 00:09:51 (2599 turns).

Amnesiac the Charlatan (Deep Elf Artificer)         Turns: 2599, Time: 00:09:52

Health: -2/33      AC:  3    Str: 11    XL:     6   Next: 4%
Magic:  13/13      EV: 12    Int: 16    God:
Gold:   30         SH:  0    Dex: 15    Spells: 5/5 levels left

rFire    + . .     SeeInvis .   b - +1 rapier (holy)
rCold    + . .     Gourm    .   (no shield)
rNeg     . . .     Faith    .   n - +0 leather armour
rPois    .         Spirit   .   (no helmet)
rElec    .         Reflect  .   i - scarf {rC+ rF+}
rCorr    .         Harm     .   (no gloves)
MR       .....                  (no boots)
Stlth    ++........             (no amulet)
HPRegen  0.11/turn              (no ring)
MPRegen  0.13/turn              (no ring)

@: no status effects
A: no striking features
a: no special abilities


You were in a sewer.
You were not hungry.

You visited 1 branch of the dungeon, and saw 4 of its levels.
You also visited: Sewer.

You collected 30 gold pieces.

Inventory:

Hand Weapons
 a - a +0 blowgun
 b - a +1 rapier of holy wrath (weapon)
 g - a +0 short sword
Missiles
 h - 37 stones (quivered)
Armour
 i - a scarf of resistance (worn)
 m - a +0 plate armour
 n - a +0 leather armour (worn)
Wands
 d - a wand of enslavement (6)
 e - a wand of random effects (9)
Scrolls
 k - a scroll of remove curse {!r}
 r - a scroll of magic mapping {!r}
 s - a scroll of teleportation {!r}
Potions
 l - a potion of flight {!q}
 o - a potion of agility {!q, unknown}
 q - a potion of magic {!q}
Comestibles
 c - 9 chunks of flesh
 f - 2 rations


   Skills:
 - Level 0.7 Fighting
 - Level 1.0 Short Blades
 - Level 2.4 Dodging
 - Level 1.2 Stealth
 + Level 7.5 Evocations


You had 5 spell levels left.
You didn't know any spells.

Dungeon Overview and Level Annotations

Branches:
Dungeon (4/15)
 Temple: D:4-7

Altars:
Elyvilon
Nemelex Xobeh
Ru


Message History

The frilled lizard closely misses your adder.
Evoke which item? (* to show all) (? for menu, Esc to quit)
Aiming: Enslavement
Press: ? - help, Shift-Dir - straight line, f - bullfrog, p - adder
Aim: a bullfrog (moderately wounded, chance to defeat MR: 67%)
The bullfrog is charmed.
The frilled lizard barely misses your adder.
What are your orders? t - Shout!
Orders for allies: a - Attack new target. p - Attack previous target. r - Retreat! s - Stop attacking. g - Guard the area. f - Follow me.
Anything else - Cancel.
Guard this area!
The frilled lizard bites your adder.
The frilled lizard dies!
You feel sick.
You enter the shallow water.
Moving in this stuff is going to be slow.
You feel sick.
You have reached level 6!
Your experience leads to an increase in your attributes!
Increase (S)trength, (I)ntelligence, or (D)exterity?
You feel stronger.
You feel a bit more experienced.
You feel sick.
You feel sick.
You enter the shallow water.
Moving in this stuff is going to be slow.
You feel sick.
You feel sick.
You are no longer poisoned.
You start resting.
Some of the chunks of flesh in your inventory have rotted away. x2
You swing at nothing.
You swing at nothing.
You swing at nothing.
The ball python hisses angrily.
You swing at nothing.
The ball python completely misses you. The ball python grabs you.
The ball python constricts you.
You puncture the ball python!
You kill the ball python!
You swing at nothing.
You enter the shallow water.
Moving in this stuff is going to be slow.
You see here a ball python corpse.
You butcher the ball python corpse.
c - 9 chunks of flesh (gained 2)
You start resting.
A bullfrog comes into view.
Evoke which item? (* to show all) (? for menu, Esc to quit)
Aiming: Random Effects
Press: ? - help, Shift-Dir - straight line, f - bullfrog
Aim: a bullfrog (hasn't noticed you)
The bullfrog gives a loud, deep croak!
The bullfrog seems to speed up.
Evoke which item? (* to show all) (? for menu, Esc to quit)
Aiming: Random Effects
Press: ? - help, Shift-Dir - straight line, f/p - bullfrog
Aim: a bullfrog (fast)
The mass of ice explodes!
The iceblast engulfs the bullfrog.
The bullfrog is heavily wounded.
The iceblast engulfs you! You partially resist.
Ouch! That really hurt!
You die...

≈≈÷≈≈≈..≈≈≈≈≈.≈≈≈####
≈≈≈.#########≈≈.≈≈≈≈##
≈####≈≈≈≈≈≈≈####≈≈...##
##≈≈≈≈≈≈≈.≈≈≈≈≈###≈≈≈.##
.≈≈≈≈#######≈≈≈≈≈##≈≈≈≈#
≈≈≈### ###≈≈.≈##≈≈≈##
≈≈## ##≈≈≈≈#≈≈..#
≈##≈≈≈..≈≈≈ ##≈≈≈##≈≈≈#
≈#≈≈≈.$$?.S #@≈≈≈#≈.≈#
≈#≈≈...$F≈≈ #F≈≈.#≈≈≈#
≈#≈.≈≈)S≈lS #≈≈≈.#≈≈.#
≈#≈≈≈F..≈ ##≈≈≈##≈≈.#
≈#≈≈.≈≈ ##≈≈≈.#≈≈≈≈#
≈##≈†# ###≈≈≈.##≈.≈##
≈.#≈S#######≈≈.≈≈##≈.≈.#
..##≈..≈≈≈≈≈≈≈≈###≈≈≈≈##
≈≈.#..≈≈≈≈≈≈####.≈≈≈≈##


You could see a bullfrog.

Vanquished Creatures
  An orc priest (D:3)
  An orc wizard (D:3)
  A worker ant (D:4)
  3 adders
  A gnoll (D:3)
  9 oozes (Sewer)
  2 worms (D:3)
  11 leopard geckos
  5 orcs (D:3)
  15 ball pythons
  6 giant cockroaches
  A goblin (D:2)
  A hobgoblin (D:3)
  A jackal (D:3)
  2 bats (D:2)
  12 frilled lizards (Sewer)
  3 kobolds
  2 rats (D:3)
77 creatures vanquished.

Vanquished Creatures (collateral kills)
  A worker ant (D:3)
  An orc (D:3)
  A giant cockroach (D:3)
  A frilled lizard (Sewer)
4 creatures vanquished.

Vanquished Creatures (others)
  A bullfrog (Sewer)
  An adder (Sewer)
  2 orcs (D:3)
4 creatures vanquished.

Grand Total: 85 creatures vanquished

Notes
Turn   | Place    | Note
-------+----------+-------------------------------------------
     0 | D:1      | Amnesiac the Deep Elf Artificer began the quest for the Orb.
     0 | D:1      | Reached XP level 1. HP: 11/11 MP: 5/5
   256 | D:2      | Found a sparkling altar of Nemelex Xobeh.
   256 | D:2      | Found a sacrificial altar of Ru.
   265 | D:2      | Found a faded altar of an unknown god.
   267 | D:2      | Found a faded altar of an unknown god.
   269 | D:2      | Found a white marble altar of Elyvilon.
   399 | D:3      | Reached skill level 4 in Evocations
   399 | D:3      | Reached XP level 2. HP: 5/16 MP: 7/7
   403 | D:3      | Reached XP level 3. HP: 1/20 MP: 8/8
   403 | D:3      | Reached skill level 5 in Evocations
   403 | D:3      | Reached XP level 4. HP: 1/24 MP: 8/10
   569 | D:4      | Noticed a phantom
   610 | D:4      | Reached skill level 6 in Evocations
   758 | D:3      | Reached XP level 5. HP: 10/28 MP: 11/11
   812 | D:3      | Found a glowing drain.
   822 | Sewer    | Entered a sewer
  1844 | Sewer    | Reached skill level 7 in Evocations
  2526 | Sewer    | Reached XP level 6. HP: 12/33 MP: 13/13
  2598 | Sewer    | Noticed a bullfrog
  2599 | Sewer    | Killed themself with a badly aimed iceblast

Vault maps used:
D:1:      tarquinn_simple_flora_water_d, minmay_misc_feat_rows,
          minmay_misc_feat_tiny
D:2:      chequers_temple_overflow_minitemple, minitemple, feat_on_display
D:3:      portal_sewer_entry_f, first_ration, kennysheep_generic_room_10,
          uniq_crazy_yiuf_cottage
D:4:      wad_crossroads, small_statue_intersection, minmay_goblin_outpost
Sewer:    sewer_frog_island_02

Skill      XL: |  1  2  3  4  5 |
---------------+----------------+-----
Evocations     | 4 5 6 7 |  7.5
Fighting       | |  0.7
Short Blades   | |  1.0
Dodging        | |  2.4
Stealth        | |  1.2

Action                   |  1- 3 |  4- 6 || total
-------------------------+-------+-------++-------
Melee: Short sword       |    36 |     2 ||    38
       Rapier            |       |   163 ||   163
 Fire: Blowgun           |       |    10 ||    10
Throw: Stone             |       |     4 ||     4
Evoke: Wand              |     4 |    26 ||    30
  Use: Scroll            |       |     7 ||     7
 Stab: Sleeping          |     2 |     1 ||     3
       Betrayed ally     |     1 |       ||     1
  Eat: Chunk             |       |     6 ||     6
Armor: Leather armour    |    17 |    53 ||    70
Dodge: Dodged            |    34 |   141 ||   175

Table legend:
 A = Spawn XP
 B = Non-spawn XP
 C = Spawn XP percentage of total XP
 D = Spawn monster count
 E = Non-spawn monster count
 F = Spawn count percentage of total count
 G = Total turns spent on level
                    A         B        C        D         E        F      G
               +---------+---------+-------+---------+---------+-------+---------
         Total |       0 |     397 |   0.0 |       0 |      82 |   0.0 |  2599
               +---------+---------+-------+---------+---------+-------+---------
           D:2 |       0 |       6 |   0.0 |       0 |       4 |   0.0 |   308
           D:3 |       0 |     158 |   0.0 |       0 |      24 |   0.0 |   302
           D:4 |       0 |      47 |   0.0 |       0 |       2 |   0.0 |   179
         Sewer |       0 |     186 |   0.0 |       0 |      52 |   0.0 |  1777
               +---------+---------+-------+---------+---------+-------+---------
